 Dungeon Crawl Stone Soup version 0.31-a0-188-g5e087ee2ca (webtiles) character file.

Game seed: 11748431189484911969

71 qw the Shooter (level 4, 0/25 HPs)
             Began as a Deep Elf Hunter on June 23, 2023.
             Succumbed to their own poison gas
             ... on level 2 of the Dungeon.
             The game lasted 00:00:24 (1534 turns).

qw the Shooter (Deep Elf Hunter)                    Turns: 1534, Time: 00:00:25

Health: 0/25       AC:  6    Str: 10    XL:     4   Next: 5%
Magic:  6/6        EV: 11    Int: 14    God:
Gold:   92         SH:  0    Dex: 18    Spells: 3/3 levels left

rFire   . . .        Y - +0 shortbow
rCold   . . .        (shield currently unavailable)
rNeg    . . .        g - +0 ring mail
rPois   .            (no helmet)
rElec   .            (no cloak)
rCorr   .            e - +0 pair of gloves
SInv    .            (no boots)
Will    .....        (no amulet)
Stlth   +            (no ring)
HPRegen 0.24/turn    (no ring)
MPRegen 0.10/turn

%: no passive effects
@: lethally poisoned (0 -> -2), weak-willed
A: no striking features
a: no special abilities


You were on level 2 of the Dungeon.
You visited 1 branch of the dungeon, and saw 2 of its levels.

You collected 92 gold pieces.


   Skills:
 - Level 1.5 Fighting
 + Level 7.5 Ranged Weapons
 - Level 2.4 Dodging
 - Level 1.2 Stealth


You had 3 spell levels left.
You didn't know any spells.
Your spell library was empty.

Inventory:

Hand Weapons
 Y - a +0 shortbow (weapon)
Armour
 e - a +0 pair of gloves (worn)
 g - a +0 ring mail (worn)
Potions
 a - a potion of haste {unknown}
 d - a potion of invisibility {unknown}
 f - a potion of degeneration {unknown}

Dungeon Overview and Level Annotations

Branches:
Dungeon (2/15)

Altars:

Annotations:
D:2 1 runed translucent door, Crazy Yiuf


Message History

Enter note: Really walk into that cloud of poison gas?
You are engulfed in poison gas.
You are poisoned.
You feel very sick.
Enter note:
Enter note:
Enter note:
Enter note:
Enter note:
Enter note:
Enter note:
Enter note:
Enter note:
Enter note:
Enter note:
Enter note:
Enter note:
Enter note:
Enter note:
Enter note:
Enter note:
Enter note:
1527 ||| Stepping ~*~*~tactically~*~*~ (cloud).
You feel very sick.
You see here a +0 leather armour.
There is a lethal amount of poison in your body!
You feel very sick.
Crazy Yiuf says, "Ten!"
There is a lethal amount of poison in your body!
You feel sick.
There is a lethal amount of poison in your body!
You feel sick.
There is a lethal amount of poison in your body!
You feel sick.
There is a lethal amount of poison in your body!
You feel sick.
There is a lethal amount of poison in your body!
You feel sick.
There is a lethal amount of poison in your body!
You die...

#...#.........#####.##
#.##..#######.#####.##
#....## #.##......
###### ###.###.## #.##
##.# ### ##. ###
###### #. #)..###
##....## ##.
#..g+@####......# ##.#
#...##0¤#.......###..#
### ###¤#...........#
########.#.#..#
##...... #####.....
#......... ##########


You could see Crazy Yiuf.

Vanquished Creatures
  Jessica (D:2)
  An adder (D:2)
  A dart slug (D:2)
  3 ball pythons
  6 bats
  3 giant cockroaches
  4 hobgoblins
  3 jackals (D:1)
  A quokka (D:2)
  3 goblins
  2 kobolds (D:2)
  3 rats
31 creatures vanquished.

Notes
Turn   | Place    | Note
-------+----------+-------------------------------------------
     0 | D:1      | qw the Deep Elf Hunter began the quest for the Orb.
     0 | D:1      | Reached XP level 1. HP: 12/12 MP: 3/3
     0 | D:1      | 0 ||| qw: Version: 0.3-a-9-g12657ce
     0 | D:1      | 0 ||| qw: Game counter: 3794
     0 | D:1      | 0 ||| qw: Always use a shield: true
     0 | D:1      | 0 ||| qw: God list: Okawaru
     0 | D:1      | 0 ||| qw: Allow faded altars: false
     0 | D:1      | 0 ||| qw: Do Orc after D:15 true
     0 | D:1      | 0 ||| qw: Do second Lair branch before Depths: true
     0 | D:1      | 0 ||| qw: Lair rune preference: random
     0 | D:1      | 0 ||| qw: Plans: Normal
     0 | D:1      | 0 ||| PLANNING D:1-11
   149 | D:1      | Found a faded altar of an unknown god.
   320 | D:1      | Reached XP level 2. HP: 16/16 MP: 4/4
   416 | D:1      | Reached skill level 6 in Ranged Weapons
   750 | D:1      | 750 ||| UPGRADING to +0 pair of gloves.
   755 | D:1      | 755 ||| READING scroll labelled XAFUHO KYPTIKE.
   756 | D:1      | 756 ||| DROPPING scroll of butterflies.
   923 | D:2      | Reached XP level 3. HP: 20/20 MP: 5/5
   929 | D:2      | Noticed Jessica
   930 | D:2      | Killed Jessica
   931 | D:2      | Reached skill level 7 in Ranged Weapons
  1114 | D:2      | Reached XP level 4. HP: 25/25 MP: 6/6
  1423 | D:2      | Found a runed translucent door.
  1424 | D:2      | Noticed Crazy Yiuf
  1513 | D:2      | 1513 ||| UPGRADING to +0 ring mail.
  1523 | D:2      | 1523 ||| DROPPING +0 leather armour.
  1524 | D:2      | 1524 ||| READING scroll labelled SOLI VAISCHOTO.
  1525 | D:2      | 1525 ||| READING scroll labelled ZAILACSEOTI.
  1527 | D:2      | 1527 ||| Stepping ~*~*~tactically~*~*~ (cloud).
  1528 | D:2      | HP: 6/25 [poisoned by you (poison gas)]
  1531 | D:2      | HP: 2/25 [poisoned by you (poison gas)]
  1534 | D:2      | Succumbed to their own poison gas

Levels and vault maps discovered:
D:1:      spicycebolla_arrival_xxxplode, layout_loops_ring,
          shapermc_ecumenical_altar_ellora
D:2:      layout_loops_ring, nicolae_titane, uniq_jessica,
          uniq_crazy_yiuf_cottage

Skill      XL: |  1  2  3 |
---------------+----------+-----
Ranged Weapons | 6 7 |  7.5
Fighting       | |  1.5
Dodging        | |  2.4
Stealth        | |  1.2

Action                     |  1- 3 |  4- 6 || total
---------------------------+-------+-------++-------
   Fire: Shortbow          |    72 |     5 ||    77
    Use: Scroll            |     1 |     2 ||     3
 Armour: Leather armour    |     7 |       ||     7
  Dodge: Dodged            |    20 |       ||    20

Table legend:
 A = Non-vault XP
 B = Vault XP
 C = Vault XP percentage of total XP
 D = Non-vault monster count
 E = Vault monster count
 F = Vault count percentage of total count
                 A         B        C        D         E       F
            +---------+---------+-------+---------+---------+-------
      Total |      65 |      37 |  36.3 |      30 |       1 |   3.2
            +---------+---------+-------+---------+---------+-------
        D:1 |      23 |       0 |   0.0 |      13 |       0 |   0.0
        D:2 |      42 |      37 |  46.8 |      17 |       1 |   5.6
            +---------+---------+-------+---------+---------+-------
